 Dungeon Crawl Stone Soup version 0.29-a0-555-g3b24f45cc1 (webtiles) character file.

Game seed: 1665301108881791357

25 mandarbmax the Chiller (level 3, -2/26 HPs)
             Began as a Meteoran Ice Elementalist on June 8, 2022.
             Was a Follower of Qazlal.
             Slain by a hobgoblin (3 damage)
             ... on level 1 of the Dungeon.
             The game lasted 00:03:11 (388 turns).

mandarbmax the Chiller (Meteoran Ice Elementalist)   Turns: 388, Time: 00:03:12

Health: -2/26      AC:  2    Str:  9    XL:     3   Next: 35%
Magic:  0/8        EV: 13    Int: 18    God:    Qazlal [*.....]
Gold:   20         SH:  2    Dex: 15    Spells: 7/8 levels left

rFire   . . .      SeeInvis .   (no weapon)
rCold   . . .      Faith    .   (no shield)
rNeg    . . .      Spirit   .   a - +0 robe
rPois   .          Reflect  .   (no helmet)
rElec   .          Harm     .   (no cloak)
rCorr   .          Rampage  .   (no gloves)
Will    .....                   (no boots)
Stlth   +.........              (no amulet)
HPRegen 0.08/turn               (no ring)
MPRegen 0.11/turn               (no ring)

@: glowing
A: sense surroundings 1, otherworldly, glowing, explore regen
a: Renounce Religion


You were on level 1 of the Dungeon.
You worshipped Qazlal.
Qazlal was aware of your devotion.
You visited 1 branch of the dungeon, and saw 1 of its levels.

You collected 20 gold pieces.

Inventory:

Armour
 a - a +0 robe (worn)
Scrolls
 f - 2 scrolls of fog {unknown}
 g - a scroll of enchant armour {unknown}
 h - a scroll of identify {unknown}
 j - 2 scrolls of vulnerability {unknown}
 k - a scroll of amnesia {unknown}
Potions
 b - a potion of magic
 c - a potion of flight {unknown}
 d - a potion of mutation {unknown}
 i - a potion of haste {unknown}


   Skills:
 - Level 3.0 Dodging
 - Level 1.4 Stealth
 - Level 3.0 Spellcasting
 * Level 4.9 Ice Magic
 + Level 0.5 Invocations


You had 7 spell levels left.
You knew the following spells:

 Your Spells              Type           Power      Damage    Failure   Level
a - Freeze                Ice            80%        1d9       2%          1

Your spell library contained the following spells:

 Spells                   Type           Power      Damage    Failure   Level
 Frozen Ramparts          Ice            40%        1d6       6%          3
 Ozocubu's Armour         Ice            20%        N/A       6%          3
 Hailstorm                Conj/Ice       11%        3d5       52%         4


Dungeon Overview and Level Annotations

Branches:
Dungeon (1/15)

Altars:
Qazlal


Innate Abilities, Weirdness & Mutations

You passively map a small area around you.
You are easily found by Zot.
You glow in the dark.
You regain HP and MP as you explore.


Message History

Qazlal accepts your kill.
The jackal bites you but does no damage.
The frilled lizard bites you.
You freeze the jackal.
The jackal is moderately wounded.
The jackal bites you. The frilled lizard bites you.
The hobgoblin closely misses you.
You freeze the jackal.
The jackal is almost dead.
The jackal barely misses you. The frilled lizard misses you.
The hobgoblin hits you.
You freeze the jackal.
You kill the jackal!
Qazlal accepts your kill. The frilled lizard bites you.
The hobgoblin barely misses you.
Training target 3.0 for Dodging reached!
Your Dodging skill increases to level 3!
You freeze the hobgoblin.
The hobgoblin is moderately wounded.
You block the frilled lizard's attack. The hobgoblin hits you.
The hobgoblin closely misses you.
You are too injured to fight recklessly!
The frilled lizard attacks as you move away!
The frilled lizard bites you.
You are too injured to fight recklessly!
Casting: Freeze (safe; 2% risk of failure)
Confirm with . or Enter, or press ? or * to list all spells.
Aiming: Freeze (safe; 2% risk of failure)
Press: ? - help, Shift-Dir - straight line, f - frilled lizard, p - hobgoblin
Aim: a frilled lizard You freeze the frilled lizard.
You kill the frilled lizard!
Qazlal accepts your kill. The hobgoblin hits you.
* * * LOW HITPOINT WARNING * * *
The hobgoblin attacks as you move away! The hobgoblin hits you.
* * * LOW HITPOINT WARNING * * *
It was a potion of cancellation.
You feel magically purged. You block the hobgoblin's attack.
The hobgoblin hits you.
You die...

* ,* * * * #. #.# * #.#
#.### #.# #.# * #.... #.#
#.# #....##########.# #.#
##......☼........## #.# ,
, ,.........@.......>#
#.#
........gg###...#.#####.#
###.##.#.# #.........#'##
# #.†..# #.....##.....#
#....# #.....##.....#
.....# ##+#..##.....#
......# #†.##.....#
#......# * #..###+#'##
#....... * #..###.#.#


You could see 2 hobgoblins.

Vanquished Creatures
  2 dart slugs (D:1)
  A ball python (D:1)
  A bat (D:1)
  4 endoplasms (D:1)
  A giant cockroach (D:1)
  2 goblins (D:1)
  2 jackals (D:1)
  2 quokkas (D:1)
  A frilled lizard (D:1)
  A rat (D:1)
17 creatures vanquished.

Notes
Turn   | Place    | Note
-------+----------+-------------------------------------------
     0 | D:1      | mandarbmax the Meteoran Ice Elementalist began the quest
                  | for the Orb.
     0 | D:1      | Reached XP level 1. HP: 14/14 MP: 5/5
    72 | D:1      | Reached XP level 2. HP: 9/20 MP: 3/6
    90 | D:1      | Found a faded altar of an unknown god.
    95 | D:1      | Prayed at the altar of an unknown god.
    95 | D:1      | Became a worshipper of Qazlal Stormbringer
    95 | D:1      | Reached * piety under Qazlal
   339 | D:1      | Reached XP level 3. HP: 25/26 MP: 5/8
   387 | D:1      | HP: 1/26 [hobgoblin (3)]
   388 | D:1      | Slain by a hobgoblin

Illustrated notes

Levels and vault maps discovered:
D:1:      dpeg_arrival_erosion, layout_basic, basic_ecumenical_altar

Skill      XL: |  1  2  3 |
---------------+----------+-----
Spellcasting   | 3 |  3.0
Dodging        | 3 |  3.0
Stealth        | |  1.4
Ice Magic      | |  4.9
Invocations    | |  0.5

Action                   || total
-------------------------++-------
 Cast: Freeze            ||    27
  Use: Potion            ||     1
Armor: Robe              ||     7
Dodge: Dodged            ||    15
Block: Other             ||     3

Table legend: (Time is in decaauts)
 A = Elapsed time spent in this place.
 B = Non-inter-level travel time spent in this place.
 C = Inter-level travel time spent in this place.
 D = Time resting spent in this place.
 E = Time spent auto-exploring this place.
 F = Levels seen in this place.
 G = Mean time per level.
                   A        B        C        D        E       F      G
               +--------+--------+--------+--------+--------+-----+--------+
         Total |    388 |    388 |      0 |      0 |      0 |   1 |  388.0 |
       Dungeon |    388 |    388 |      0 |      0 |      0 |   1 |  388.0 |
               +--------+--------+--------+--------+--------+-----+--------+

Top non-repeatable levels by time:
     D:1: 388 daAuts
